 Dungeon Crawl Stone Soup version 0.31.0-11-ge490571c62 (webtiles) character file.

Game seed: 13462023536643230098

207248 croobank the Necromancer (level 18, -13/71 (95) HPs)
             Began as a Felid Summoner on Feb 4, 2024.
             Was an Elder of Jiyva.
             Killed from afar by a jorogumo (35 damage)
             ... with a bolt of negative energy
             ... on level 4 of the Spider Nest on Feb 5, 2024.
             The game lasted 03:50:13 (45507 turns).

croobank the Necromancer (Felid Summoner)          Turns: 45507, Time: 03:50:13

HP:   -13/71 (95)   AC:  5    Str: 12    XL:     18   Next: 47%
MP:   13/37         EV: 31    Int: 25    God:    Jiyva [****..]
Gold: 2614          SH:  0    Dex: 23    Spells: 4/45 levels left
                                        Lives: 0   Deaths: 6

rFire   . . .        (weapon unavailable)
rCold   + . .        (shield unavailable)
rNeg    . . .        (body armour unavailable)
rPois   .            (helmet unavailable)
rElec   .            (cloak unavailable)
rCorr   +            (gloves unavailable)
SInv    +            (boots unavailable)
Will    ++...        M - amulet of Dawn {Regen+ Int+2}
Stlth   ++++++       g - +6 ring of strength
HPRegen 2.39/turn    k - ring of the Scavenger {Wiz Dex+4}
MPRegen 0.89/turn

%: wizardry (x1)
@: on blink cooldown, very heavily drained
A: very small, claws 1, fangs 3, see invisible, shaggy fur 3, stealthy paws, no
weapons or thrown items, no armour, multi-lived, horns 3, iridescent scales 1
a: Renounce Religion, Oozemancy, Slimify


You were on level 4 of the Spider Nest.
You worshipped Jiyva.
Jiyva was greatly pleased with you.
You visited 6 branches of the dungeon, and saw 32 of its levels.
You also visited: Ice Cave.

You collected 3485 gold pieces.
You spent 871 gold pieces at shops.

Inventory:

Jewellery
 e - a ring of ice
 f - the amulet of Incredulity {Reflect Dex+3 SH+5}
   (You acquired it on level 11 of the Dungeon)

   [amulet of reflection]

   Reflect:   It reflects blocked missile attacks.
   Dex+3:     It affects your dexterity (+3).
   SH+5:      It affects your SH (+5).
 g - a +6 ring of strength (left paw)
 k - the ring of the Scavenger (right paw) {Wiz Dex+4}
   (You took it off an orc wizard on level 12 of the Dungeon)

   [ring of wizardry]

   Wiz:       It improves your spell success rate.
   Dex+4:     It affects your dexterity (+4).
 l - an amulet of faith
 o - a +6 ring of dexterity
 r - a ring of poison resistance
 w - the ring "Celo" {Fly rElec rC+ Will+}
   (You acquired it on level 4 of the Lair of Beasts)

   [ring of flight]

   rC+:       It protects you from cold.
   rElec:     It insulates you from electricity.
   Will+:     It increases your willpower.
   Fly:       It grants you flight.
 z - a +4 ring of slaying
 B - a +4 ring of protection
 H - a ring of ice
 M - the amulet of Dawn (around neck) {Regen+ Int+2}
   (You found it on level 4 of the Spider Nest)

   [amulet of regeneration]

   Int+2:     It affects your intelligence (+2).
   Regen+:    It increases your rate of health regeneration.
 N - an amulet of the acrobat
Wands
 x - a wand of flame (47)
 y - a wand of charming (5)
 D - a wand of roots (12)
 G - a wand of mindburst (7)
Scrolls
 a - 5 scrolls of identify
 b - 2 scrolls of vulnerability
 d - 3 scrolls of teleportation
 h - a scroll of blinking
 v - 4 scrolls of silence
 A - 4 scrolls of noise
 F - 4 scrolls of poison
 I - 2 scrolls of torment
Potions
 c - 3 potions of lignification
 i - 3 potions of haste
 j - 7 potions of curing
 m - 2 potions of ambrosia
 n - 4 potions of enlightenment
 p - 2 potions of attraction
 q - 2 potions of brilliance
 s - 2 potions of might
 t - a potion of cancellation
 u - 4 potions of mutation
 C - a potion of invisibility
 E - a potion of berserk rage
 J - a potion of resistance
 K - 2 potions of heal wounds
Miscellaneous
 L - a phantom mirror


   Skills:
 - Level 10.4 Fighting
 - Level 14.0 Dodging
 - Level 15.0 Stealth
 - Level 14.0 Spellcasting
 - Level 15.0 Summonings
 * Level 19.0 Necromancy
 - Level 3.0 Translocations
 - Level 5.0 Fire Magic
 - Level 7.0 Air Magic


You had 4 spell levels left.
You knew the following spells:

 Your Spells              Type           Power      Damage    Failure   Level
a - Summon Small Mammal   Summ           100%       N/A       0%          1
b - Call Imp              Summ           100%       N/A       0%          2
c - Call Canine Familiar  Summ           75%        N/A       0%          3
d - Summon Blazeheart Go  Fire/Summ      61%        N/A       1%          4
e - Summon Lightning Spi  Summ/Air       64%        N/A       1%          4
A - Animate Dead          Necr           85%        N/A       0%          4
B - Blink                 Tloc           64%        N/A       1%          2
D - Death Channel         Necr           42%        N/A       1%          6
H - Haunt                 Necr/Summ      40%        N/A       1%          7
I - Infestation           Necr           42%        N/A       3%          8

Your spell library contained the following spells:

 Spells                   Type           Power      Damage    Failure   Level
 Sublimation of Blood     Necr           85%        N/A       0%          2
 Vampiric Draining        Necr           85%        2d12      0%          3
 Dispel Undead            Necr           85%        3d27      0%          4
 Apportation              Tloc           64%        N/A       1%          1
 Freeze                   Ice            68%        1d8       1%          1
 Magic Dart               Conj           68%        1d6       1%          1
 Slow                     Hex            68%        N/A       1%          1
 Cigotuvi's Dreadful Rot  Necr/Alch/Air  100%       N/A       1%          2
 Jinxbite                 Hex            34%        N/A       1%          2
 Static Discharge         Conj/Air       70%        3-6/arc   1%          2
 Airstrike                Air            25%        2d(4-20)  1%          4
 Martyr's Knell           Necr/Summ      80%        N/A       1%          4
 Confusing Touch          Hex            17%        N/A       4%          3
 Frozen Ramparts          Ice            34%        1d6       4%          3
 Hailstorm                Conj/Ice       17%        3d6       4%          3
 Sigil of Binding         Hex            17%        N/A       4%          3
 Manifold Assault         Tloc           32%        N/A       4%          4
 Petrify                  Alch/Erth      17%        N/A       13%         4
 Borgnjor's Vile Clutch   Necr/Erth      30%        N/A       1%          5
 Curse of Agony           Necr           85%        N/A       1%          5
 Borgnjor's Revivificati  Necr           42%        N/A       3%          8
 Alistair's Intoxication  Alch           11%        N/A       32%         5
 Irradiate                Conj/Alch      8%         3d14      32%         5
 Spellforged Servitor     Conj/Summ      26%        N/A       43%         7
 Death's Door             Necr           42%        N/A       45%         9
 Dispersal                Tloc           16%        N/A       47%         6
 Eringya's Noxious Bog    Alch           8%         4d6       86%         6
 Orb of Destruction       Conj           8%         9d6       100%        7
 Disjunction              Tloc           16%        N/A       100%        8
 Dimensional Bullseye     Hex/Tloc       Unusable   N/A       N/A         4

Dungeon Overview and Level Annotations

Branches:
Dungeon (15/15)            Temple (1/1) D:5            Lair (5/5) D:10
 Shoals (0/4) Lair:3       Spider (4/4) Lair:3        Slime (5/5) Lair:5
    Orc (2/2) D:10            Elf (0/3) Orc:2        Vaults (0/5) D:14
 Depths (0/4) D:15          IceCv (visited)

Altars:
Ashenzari
Cheibriados
Dithmenos
Elyvilon
Fedhas
Gozag
Hepliaklqana
Kikubaaqudgha
Makhleb
Nemelex Xobeh
Okawaru
Qazlal
Ru
Sif Muna
Trog
Uskayaw
Vehumet
Wu Jian
Xom
Yredelemnul
Zin
The Shining One
Jiyva

Shops:
D:3 !   D:5 (   D:6 *   D:15 *   Orc:2 !?[:

Portals:
Pandemonium: Orc:2
Trove: D:13 (give 16 scrolls of teleportation)

Annotations:
Slime:5 Royal Jelly


Innate Abilities, Weirdness & Mutations

You have sharp claws.
You have razor-sharp teeth.
You have supernaturally acute eyesight. (SInv)
Your thick and shaggy fur keeps you warm. (AC +3, rC+)
Your paws help you pounce on unaware monsters.
You are incapable of wielding weapons or throwing items.
You cannot wear armour.
You gain extra lives every three experience levels.
You have a pair of large horns on your head.
You are partially covered in iridescent scales. (AC +2)


Message History

The emperor scorpion misses you.
Casting: Infestation (quite dangerous; 3% risk of failure)
Confirm with . or Enter, or press ? or * to list all spells.
A fiery spirit appears, bound in slag iron.
You feel extremely sick.
Something hits your phantasmal warrior but does no damage.
Something bites your phantasmal warrior.
The emperor scorpion is engulfed in blazing flames.
The emperor scorpion stings you.
You are lethally poisoned!
The emperor scorpion poisons you! The emperor scorpion claws you.
* * * LOW HITPOINT WARNING * * *
The emperor scorpion completely misses you.
Your freezing wraith closely misses the jorogumo.
Your freezing wraith misses the jorogumo.
Casting: Summon Blazeheart Golem (safe; 1% risk of failure)
Confirm with . or Enter, or press ? or * to list all spells.
You blink.
You pick your way through the web.
* * * LOW HITPOINT WARNING * * *
You feel extremely sick.
Your freezing wraith disappears in a puff of smoke!
Your death scarab misses the jorogumo.
The emperor scorpion is engulfed in blazing flames.
The jorogumo hits your shadow wraith.
Your death scarab barely misses the jorogumo.
Your shadow wraith passes through a web.
You feel better.
Your death scarab barely misses the jorogumo.
Your death scarab bites the jorogumo!!
Your death scarab drains the jorogumo's vigour!
The jorogumo seems to slow down.
Your death scarab draws strength from the jorogumo's injuries!
The emperor scorpion completely misses you. x2
The emperor scorpion claws you.
* * * LOW HITPOINT WARNING * * *
The jorogumo stares at you and mumbles some strange words.
The bolt of negative energy hits your blazeheart golem.
Your blazeheart golem completely resists.
The bolt of negative energy hits you!!
You feel drained.
You die...

#..## #......### ##^.### ##^..###
#.....# ##.#..#.## ###..##
#^...W.B.# ###....###
#######.W#.....
#.##...#.####.^...#.B# ....
#..###^..#^###....#HW# #..#
#....#..##.....##9.).# #...
###....^#.....##@sW.## .^.##
#.#.....##.#..###.#.## #^.##
..#####^.###.##.####.# #.^###
.##^##..^.####...#^B## ##....#
.#.#.#..#######..#..^# #....##
.^.#....#.#^#.#...^### #####..Z..
#......^..#...###†.#.##.#.#Z.##..
^^...###.^.....#......#...##.<#..
##Z..#.....##.^#...^.....^##..#^^


You could see an emperor scorpion (infested, ally target), a jorogumo (infested,
slow, ally target), 2 friendly shadow wraiths, a friendly blazeheart golem
(summoned) and a friendly death scarab.

Vanquished Creatures
  10 acid blobs
  4 azure jellies
  2 rockslimes
  A frost giant (IceCv)
  Louise (D:14)
  6 quicksilver oozes
  A dire elephant (Lair:5)
  Snorg (D:13)
  An acid blob zombie (Slime:2)
  An entropy weaver (shapeshifter) (D:12)
  An entropy weaver (D:14)
  3 hydras
  2 demonspawn (Orc:2)
  A centaur warrior (D:13)
  4 boulder beetles
  4 two-headed ogres
  A tengu warrior (D:14)
  5 death yaks
  3 orc high priests (Orc:2)
  Amaemon (D:9)
  A sixfirhy (Orc:2)
  A skyshark (Lair:3)
  A pharaoh ant (Spider:4)
  An arcanist (D:14)
  A lindwurm (Lair:5)
  Pikel (D:9)
  A necromancer (D:15)
  3 orc knights (Orc:2)
  2 orc sorcerers (Orc:2)
  5 ugly things
  2 deep elf pyromancers
  A shining eye (Slime:5)
  4 wolf spiders
  Maurice (D:9)
  6 cyclopes
  4 elephants
  2 meliai (D:13)
  2 moths of wrath (Spider:4)
  An orange demon (D:9)
  2 cane toads (Lair:4)
  A gargoyle (D:12)
  2 unseen horrors
  Jeremiah (D:9)
  4 kobold demonologists
  4 komodo dragons
  4 rime drakes
  A tengu conjurer (D:13)
  3 ice devils
  A redback zombie (Spider:3)
  5 trolls
  A harpy skeleton (D:15)
  Prince Ribbit (D:5)
  A polar bear (IceCv)
  A wolf spider simulacrum (D:15)
  2 hornets
  2 dream sheep (Lair:5)
  2 tarantellas
  A blink frog (Lair:5)
  A ynoxinul (Orc:2)
  21 slime creatures
  2 jumping spiders (Spider:4)
  3 centaur simulacra (D:15)
  A wyvern (D:9)
  A culicivora (Spider:2)
  21 yaks
  A slime creature zombie (Slime:2)
  3 hogs (Lair:3)
  2 basilisks
  2 wargs
  A skyshark zombie (Lair:3)
  A steam dragon (D:7)
  An acid dragon (D:11)
  A two-headed ogre zombie (Orc:1)
  6 water moccasins
  A nameless horror (D:12)
  A laughing skull (D:14)
  An ice beast (IceCv)
  15 orc warriors
  3 ogres (D:10)
  9 wolves
  2 lemures (D:9)
  A centaur (D:12)
  5 kobold brigands
  A cyclops zombie (D:12)
  2 komodo dragon zombies
  3 bullfrogs
  2 gnoll sergeants (D:10)
  3 water moccasin zombies
  6 wights
  3 yak zombies
  3 killer bees (D:8)
  2 howler monkeys
  9 electric eels
  4 bullfrog zombies
  A kobold zombie (D:12)
  6 orc priests (Orc:2)
  A boggart zombie (D:14)
  4 orc wizards
  A scorpion zombie (Lair:3)
  4 gnolls
  16 orc zombies
  A ribbon worm (Lair:3)
  7 orcs
  An endoplasm (D:1)
  2 giant cockroaches
  5 hobgoblins
  3 jackals (D:3)
  2 quokkas
  A river rat zombie (Lair:3)
  A ball python (D:3)
  6 kobolds
  A rat (D:3)
339 creatures vanquished.

Vanquished Creatures (collateral kills)
  Gastronok (Lair:3)
  20 acid blobs
  Kirke (Lair:3)
  Frances (Spider:2)
  12 rockslimes
  9 azure jellies
  An emperor scorpion (Spider:2)
  8 quicksilver oozes
  A broodmother (Spider:4)
  Nessos (Lair:3)
  2 spark wasps (Spider:4)
  A dire elephant (Lair:5)
  An ettin (Orc:2)
  6 entropy weavers
  4 great orbs of eyes (Slime:5)
  A vault guard (D:14)
  2 hydras
  Erica (Orc:1)
  3 centaur warriors
  Erolcha (Orc:1)
  2 jorogumos
  3 radroaches
  A catoblepas (D:14)
  3 rakshasas
  7 boulder beetles
  A two-headed ogre (Orc:1)
  4 death yaks
  A death scarab (Spider:3)
  An occultist (D:15)
  7 demonic crawlers
  An orc high priest (Orc:2)
  A fire crab (shapeshifter) (D:14)
  A pharaoh ant (Spider:2)
  A glowing orange brain (Slime:5)
  8 orb spiders
  An arcanist (D:13)
  2 steelbarb worms (Spider:4)
  An orc knight (D:15)
  A lindwurm (Lair:5)
  3 deep elf pyromancers (D:15)
  3 wolf spider zombies
  7 ugly things
  A manticore (D:14)
  9 shining eyes
  14 wolf spiders
  5 orc sorcerers (Orc:2)
  A moth of wrath (Spider:4)
  5 meliai
  A cyclops (D:12)
  A kobold blastminer (Orc:2)
  3 elephants (Lair:2)
  An ice statue (IceCv)
  2 black mambas
  An eye of devastation (Slime:5)
  A rust devil (Orc:2)
  4 torpor snails
  10 cane toads
  9 rime drakes
  A human zombie (Spider:2)
  A yaktaur (D:12)
  4 tengu conjurers
  6 komodo dragons
  4 redback zombies
  7 polar bears
  14 tarantellas
  2 tarantella zombies
  A hornet (Lair:5)
  13 blink frogs
  A boulder beetle zombie (Spider:2)
  2 culicivora zombies
  2 glass eyes (Slime:5)
  22 jumping spiders
  A jumping spider zombie (Spider:4)
  107 slime creatures
  2 basilisks
  23 yaks
  8 culicivoras
  A vampire (D:12)
  3 wraiths
  2 wyverns
  3 shadows
  3 hogs (Lair:3)
  2 wargs
  9 golden eyes
  39 redbacks
  11 water moccasins
  3 acid dragons
  2 nameless horrors
  An entropy weaver zombie (Spider:3)
  14 orc warriors
  4 ice beasts
  2 black bears (Lair:5)
  2 sky beasts
  3 laughing skulls
  4 boggarts (D:14)
  3 ogres
  23 wolves
  4 centaurs
  7 kobold brigands
  A gnoll sergeant (D:10)
  6 scorpions
  13 bullfrogs
  2 wights
  2 killer bees (D:8)
  5 howler monkeys
  A wolf zombie (IceCv)
  5 bombardier beetles
  A kobold zombie (D:12)
  A gnoll bouda (D:9)
  9 hounds
  15 orc priests
  3 jellies
  A sleepcap (D:6)
  3 iguanas (D:5)
  14 orc wizards
  2 hell rats (Lair:3)
  12 gnolls
  3 adders
  11 river rats (Lair:3)
  A shadow imp (D:5)
  2 white imps
  3 ribbon worms
  65 orcs
  8 ball pythons
  2 bats
  13 endoplasms
  A giant cockroach (Lair:3)
  5 goblins
  4 hobgoblins
  3 jackals
  13 kobolds
  A quokka (D:3)
  4 frilled lizards
  An orc zombie (Orc:2)
  3 rats (D:1)
  2 butterflies (Lair:4)
812 creatures vanquished.

Vanquished Creatures (others)
  7 acid blobs
  7 rockslimes
  3 azure jellies
  6 rockslime zombies (Slime:5)
  5 quicksilver oozes
  2 formless jellyfish
  9 acid blob zombies
  5 azure jelly zombies
  5 quicksilver ooze zombies (Slime:5)
  An occultist (D:15)
  A spark wasp zombie (Spider:4)
  3 wolf spider zombies
  5 ugly thing zombies
  A formless jellyfish zombie (Slime:5)
  2 cane toads
  3 death yak zombies
  2 orb spider zombies
  An elephant slug zombie (Lair:3)
  A komodo dragon (Lair:4)
  A hydra zombie (D:14)
  6 redback zombies
  2 great orb of eyes zombies (Slime:5)
  A moth of wrath zombie (Spider:4)
  2 tarantella zombies
  2 boulder beetle zombies
  7 jumping spider zombies
  A blink frog (Lair:3)
  A culicivora zombie (Spider:1)
  21 slime creatures
  35 slime creature zombies
  A wyvern (Lair:4)
  2 basilisks (Lair:3)
  A human (Lair:3)
  A redback (Spider:3)
  A tengu zombie (D:14)
  A human zombie (D:14)
  A two-headed ogre zombie (D:12)
  2 water moccasins
  5 cane toad zombies
  An entropy weaver zombie (D:14)
  An elf zombie (D:12)
  3 elephant zombies (Lair:2)
  4 blink frog zombies (Lair:4)
  3 rime drake zombies (IceCv)
  A troll zombie (D:13)
  3 komodo dragon zombies
  A fire crab zombie (D:14)
  2 wyvern zombies
  4 bullfrogs
  A warg zombie (D:15)
  5 water moccasin zombies
  A cyclops zombie (D:14)
  20 yak zombies
  3 polar bear zombies (IceCv)
  7 wolf zombies
  A bullfrog zombie (Lair:4)
  2 centaur zombies
  37 jellies
  A kobold zombie (D:12)
  2 basilisk zombies
  A scorpion zombie (Lair:3)
  An ice beast zombie (IceCv)
  An ogre zombie (D:15)
  A river rat (Lair:3)
  3 orcs
  25 orc zombies
  195 blazeheart cores
493 creatures vanquished.

Grand Total: 1644 creatures vanquished

Notes
Turn   | Place    | Note
-------+----------+-------------------------------------------
     0 | D:1      | croobank the Felid Summoner began the quest for the Orb.
     0 | D:1      | Reached XP level 1. HP: 9/9 MP: 4/4
   160 | D:1      | Reached XP level 2. HP: 13/13 MP: 3/6
   163 | D:1      | Learned a level 2 spell: Call Imp
   725 | D:2      | Reached XP level 3. HP: 7/16 MP: 2/7
   942 | D:2      | Learned a level 3 spell: Call Canine Familiar
  1146 | D:2      | Reached XP level 4. HP: 21/21 MP: 4/9
  1146 | D:2      | Gained a life (2 lives remaining)
  1734 | D:3      | Found Nuipnuv's Distillery.
  2305 | D:4      | Reached XP level 5. HP: 24/24 MP: 3/10
  2310 | D:4      | Learned a level 4 spell: Summon Blazeheart Golem
  2603 | D:4      | Found a stormy altar of Qazlal.
  2604 | D:4      | Found a radiant altar of Vehumet.
  2604 | D:4      | Found a glowing silver altar of Zin.
  2606 | D:4      | Found a broken altar of Ashenzari.
  2606 | D:4      | Found a basalt altar of Yredelemnul.
  2668 | D:4      | Found a white marble altar of Elyvilon.
  2668 | D:4      | Found an ancient bone altar of Kikubaaqudgha.
  2669 | D:4      | Found an opulent altar of Gozag.
  2792 | D:4      | Became a worshipper of Kikubaaqudgha
  2923 | D:4      | Reached skill level 1 in Fire Magic
  3076 | D:4      | Found a bloodstained altar of Trog.
  3085 | D:4      | Found a shimmering altar of Xom.
  3115 | D:5      | Entered Level 5 of the Dungeon
  3284 | D:5      | Gained mutation: You are covered in thick fur. (AC +2)
                  | [Felid growth]
  3284 | D:5      | Reached XP level 6. HP: 28/29 MP: 3/11
  3392 | D:5      | Reached skill level 1 in Fighting
  3525 | D:5      | Found a staircase to the Ecumenical Temple.
  3541 | D:5      | Noticed an ice beast
  3559 | D:5      | Killed an ice beast
  3560 | D:5      | Reached skill level 5 in Stealth
  3560 | D:5      | Reached skill level 5 in Summonings
  3567 | Temple   | Entered the Ecumenical Temple
  3681 | D:5      | Found Piehiff's Antique Weapon Emporium.
  3700 | D:5      | Noticed an ice beast
  3707 | D:5      | Shot with an arrow by a centaur
  3707 | D:5      | Lost a life (1 life remaining)
  3743 | D:5      | Killed an ice beast
  3744 | D:5      | Reached skill level 5 in Dodging
  3744 | D:5      | Reached XP level 7. HP: 33/34 MP: 8/13
  3744 | D:5      | Gained a life (2 lives remaining)
  3760 | D:5      | Killed by an exploding blazeheart core
  3760 | D:5      | Lost a life (1 life remaining)
  4527 | D:5      | Noticed Prince Ribbit
  4541 | D:5      | Killed Prince Ribbit
  4542 | D:5      | Reached XP level 8. HP: 24/39 MP: 6/14
  5157 | D:6      | Noticed a two-headed ogre
  5175 | D:6      | Killed a two-headed ogre
  5192 | D:6      | Reached * piety under Kikubaaqudgha
  5192 | D:6      | Received a gift from Kikubaaqudgha
  5295 | D:6      | Reached skill level 5 in Fire Magic
  5489 | D:6      | Reached XP level 9. HP: 45/45 MP: 9/16
  5715 | D:6      | Found Kuza Itz's Assorted Antiques.
  5779 | D:6      | Bought a shiny iron wand for 108 gold pieces
  5779 | D:6      | Bought a ruby ring for 135 gold pieces
  5779 | D:6      | Bought a viscous silvery potion for 24 gold pieces
  5779 | D:6      | Bought a scroll of identify for 54 gold pieces
  5779 | D:6      | Bought a scroll of teleportation for 81 gold pieces
  6212 | D:7      | Engulfed by a steam dragon's steam
  6212 | D:7      | Lost a life (0 lives remaining)
  6765 | D:7      | Reached skill level 5 in Spellcasting
  7547 | D:8      | Reached skill level 5 in Fighting
  7793 | D:8      | Noticed a two-headed ogre
  7799 | D:8      | Killed a two-headed ogre
  7800 | D:8      | Reached XP level 10. HP: 51/51 MP: 15/19
  7800 | D:8      | Gained a life (1 life remaining)
  7917 | D:8      | Reached ** piety under Kikubaaqudgha
  8047 | D:9      | Noticed Jeremiah
  8060 | D:9      | Killed Jeremiah
  8183 | D:9      | Noticed Maurice
  8193 | D:8      | Learned a level 4 spell: Summon Lightning Spire
  8303 | D:9      | Noticed Amaemon
  8303 | D:9      | Noticed an orange demon
  8321 | D:9      | Killed Maurice
  8322 | D:9      | Reached skill level 1 in Air Magic
  8326 | D:9      | Killed Amaemon
  8339 | D:9      | Killed an orange demon
  8775 | D:9      | Learned a level 2 spell: Blink
  8846 | D:9      | Noticed Pikel
  8867 | D:9      | Killed Pikel
  8868 | D:9      | Reached skill level 10 in Stealth
  8868 | D:9      | Reached skill level 1 in Translocations
  9073 | D:9      | Found a shadowy altar of Dithmenos.
  9074 | D:9      | Found a hazy altar of Hepliaklqana.
  9208 | D:9      | Noticed a two-headed ogre
  9219 | D:9      | Killed a two-headed ogre
  9421 | D:10     | Entered Level 10 of the Dungeon
  9472 | D:10     | Reached XP level 11. HP: 28/58 MP: 7/22
  9851 | D:9      | Learned a level 4 spell: Animate Dead
 10442 | D:10     | Reached skill level 1 in Necromancy
 10485 | D:10     | Reached *** piety under Kikubaaqudgha
 10485 | D:10     | Received a gift from Kikubaaqudgha
 10769 | D:10     | Reached skill level 2 in Necromancy
 11066 | D:10     | Found a staircase to the Lair.
 11249 | D:10     | Found a staircase to the Orcish Mines.
 11525 | D:10     | Reached skill level 10 in Dodging
 11983 | D:11     | Noticed a green ugly thing
 11988 | D:11     | Killed a green ugly thing
 11989 | D:11     | Reached skill level 3 in Necromancy
 12885 | D:11     | Identified a scroll of acquirement
 12885 | D:11     | Acquired the amulet of Incredulity {Reflect Dex+3 SH+5}
 13222 | D:11     | Reached skill level 4 in Necromancy
 13942 | D:12     | Noticed a white ugly thing
 13952 | D:12     | Killed a white ugly thing
 13952 | D:12     | Reached **** piety under Kikubaaqudgha
 13953 | D:12     | Gained mutation: Your thick and shaggy fur keeps you warm.
                  | (AC +3, rC+) [Felid growth]
 13953 | D:12     | Reached XP level 12. HP: 63/63 MP: 19/24
 14014 | D:12     | Reached skill level 5 in Necromancy
 14202 | D:12     | Noticed a two-headed ogre
 14209 | D:12     | Killed a two-headed ogre
 14210 | D:12     | Reached skill level 5 in Air Magic
 14381 | D:12     | Identified the ring of the Scavenger {Wiz Dex+4}
 14518 | Lair:1   | Entered Level 1 of the Lair of Beasts
 14675 | Lair:1   | Found a frozen archway.
 14699 | Lair:1   | Reached skill level 6 in Necromancy
 14754 | IceCv    | Entered an ice cave
 14776 | IceCv    | Noticed a death yak
 14788 | IceCv    | Killed a death yak
 14828 | IceCv    | Learned a level 6 spell: Death Channel
 14881 | IceCv    | Noticed a death yak
 14901 | IceCv    | Killed a death yak
 14970 | IceCv    | Noticed a death yak
 14978 | IceCv    | Noticed a death yak
 14993 | IceCv    | Reached skill level 7 in Necromancy
 14993 | IceCv    | Killed a death yak
 15032 | IceCv    | Killed a death yak
 15167 | IceCv    | Noticed a death yak
 15169 | IceCv    | Reached XP level 13. HP: 42/66 MP: 11/26
 15169 | IceCv    | Gained a life (2 lives remaining)
 15557 | IceCv    | Noticed a frost giant
 15651 | IceCv    | Killed a frost giant
 17173 | Lair:2   | Reached skill level 8 in Necromancy
 17193 | Lair:2   | Reached ***** piety under Kikubaaqudgha
 17963 | Lair:2   | Reached skill level 10 in Summonings
 19480 | Lair:3   | Noticed Nessos
 19482 | Lair:3   | Shot with an arrow by Nessos
 19482 | Lair:3   | Lost a life (1 life remaining)
 19492 | Lair:3   | Found a hole to the Spider Nest.
 19504 | Lair:3   | Noticed Gastronok
 19506 | Lair:3   | Reached skill level 9 in Necromancy
 19519 | Lair:3   | Killed Gastronok
 19556 | Lair:3   | Noticed Kirke
 19580 | Lair:3   | Reached XP level 14. HP: 40/75 MP: 1/28
 19589 | Lair:3   | Noticed a sphinx
 19589 | Lair:3   | Killed Kirke
 19748 | Lair:3   | Your ally Gastronok died
 19752 | Lair:3   | Killed Nessos
 20012 | Lair:3   | Found a staircase to the Shoals.
 20700 | Lair:4   | Acquired the ring "Celo" {Fly rElec rC+ Will+}
 20758 | Lair:4   | Found the +4 Cigotuvi's embrace {Corpsefed rMiasma ^Drain
                  | rN+}
 21183 | Lair:5   | Entered Level 5 of the Lair of Beasts
 22780 | Lair:5   | Found a viscous altar of Jiyva.
 22787 | Lair:5   | Found a staircase to the Slime Pits.
 22804 | Lair:5   | Reached skill level 10 in Necromancy
 24138 | Lair:5   | Reached skill level 10 in Fighting
 25445 | Orc:1    | Entered Level 1 of the Orcish Mines
 25476 | Orc:1    | Noticed Erolcha
 25486 | Orc:1    | Killed Erolcha
 25772 | Orc:2    | Entered Level 2 of the Orcish Mines
 25955 | Orc:1    | Noticed Erica
 25971 | Orc:1    | Killed Erica
 26819 | Orc:2    | Reached XP level 15. HP: 32/81 MP: 1/29
 27462 | Orc:2    | Found Jusching's Magic Scroll Shoppe.
 27463 | Orc:2    | Found Inefenk's Distillery.
 27485 | Orc:2    | Reached skill level 11 in Necromancy
 27774 | Orc:2    | Bought a scroll of teleportation for 48 gold pieces
 27776 | Orc:2    | Bought a potion of haste for 110 gold pieces
 27776 | Orc:2    | Bought a potion of resistance for 110 gold pieces
 27854 | Orc:2    | Reached skill level 15 in Stealth
 28462 | Orc:2    | Reached skill level 10 in Spellcasting
 28778 | Orc:2    | HP: 4/81 [sixfirhy[an orc sorcerer] (3)]
 29245 | Orc:2    | Found Kaneoski's Antique Armour Shop.
 29245 | Orc:2    | Found Lyusegete's Book Boutique.
 29246 | Orc:2    | Found a one-way gate leading to the halls of Pandemonium.
 29339 | Orc:2    | Reached ****** piety under Kikubaaqudgha
 29524 | Orc:2    | Found a staircase to the Elven Halls.
 29947 | D:12     | Received a gift from Kikubaaqudgha (forbidden knowledge)
 29957 | D:12     | Learned a level 7 spell: Haunt
 30778 | D:13     | Found a glowing golden altar of the Shining One.
 30804 | D:13     | Reached skill level 12 in Necromancy
 31359 | D:13     | Found a portal to a secret trove of treasure.
 31496 | D:13     | Noticed Snorg
 31517 | D:13     | Killed Snorg
 31723 | D:13     | Your ally Snorg died
 32822 | D:14     | Identified the +5 tower shield "Tofouxt" {rPois Str+3}
 32822 | D:14     | Noticed Louise
 33595 | D:14     | Killed Louise
 34256 | D:14     | Found a gate to the Vaults.
 34381 | D:15     | Entered Level 15 of the Dungeon
 35062 | D:15     | Found a radiant altar of Vehumet.
 35136 | D:15     | Reached skill level 13 in Necromancy
 35614 | D:15     | Found a staircase to the Depths.
 35839 | D:15     | Reached XP level 16. HP: 86/86 MP: 18/32
 35839 | D:15     | Gained a life (2 lives remaining)
 36148 | D:15     | Found Roalajas's General Store.
 36154 | D:15     | Bought a wand of roots (4) for 153 gold pieces
 36154 | D:15     | Bought a potion of curing for 48 gold pieces
 36471 | Slime:1  | Entered Level 1 of the Pits of Slime
 36471 | Slime:1  | Noticed an acid blob
 36481 | Slime:1  | Killed an acid blob
 36657 | Slime:2  | Noticed an acid blob
 36662 | Slime:2  | Killed an acid blob
 36663 | Slime:2  | Reached skill level 14 in Necromancy
 36669 | Slime:2  | Noticed an acid blob
 36680 | Slime:2  | Killed an acid blob
 37145 | Slime:2  | Noticed an acid blob
 37179 | Slime:2  | Noticed an acid blob
 37191 | Slime:2  | Killed an acid blob
 37530 | Slime:1  | Noticed an acid blob
 37534 | Slime:1  | Killed an acid blob
 37703 | Slime:3  | Noticed an acid blob
 37711 | Slime:3  | Reached skill level 15 in Necromancy
 37712 | Slime:3  | Noticed an acid blob
 37712 | Slime:3  | Killed an acid blob
 37721 | Slime:3  | Noticed an acid blob
 37724 | Slime:3  | Killed an acid blob
 37738 | Slime:3  | Noticed an acid blob
 37744 | Slime:3  | Killed an acid blob
 38015 | Slime:4  | Noticed an acid blob
 38023 | Slime:4  | Killed an acid blob
 38132 | Slime:4  | Reached XP level 17. HP: 90/90 MP: 5/34
 38693 | Slime:5  | Entered Level 5 of the Pits of Slime
 38807 | Slime:5  | Noticed an acid blob
 38815 | Slime:5  | Noticed the Royal Jelly
 38817 | Slime:5  | Noticed an acid blob
 38817 | Slime:5  | Noticed an acid blob
 38818 | Slime:5  | Noticed an acid blob
 38821 | Slime:5  | Demolished by a rockslime
 38821 | Slime:5  | Lost a life (1 life remaining)
 38834 | Slime:5  | Reached skill level 16 in Necromancy
 38839 | Slime:5  | Noticed an acid blob
 38952 | Slime:5  | Killed an acid blob
 38978 | Slime:5  | Noticed an acid blob
 38993 | Slime:5  | Killed an acid blob
 39180 | Slime:5  | Noticed an acid blob
 39196 | Slime:5  | Killed an acid blob
 39230 | Slime:5  | Killed an acid blob
 39233 | Slime:5  | Noticed an acid blob
 39249 | Slime:5  | Killed an acid blob
 39318 | Slime:5  | Noticed an acid blob
 39329 | Slime:5  | Noticed an acid blob
 39332 | Slime:5  | Noticed an acid blob
 39345 | Slime:5  | Killed an acid blob
 39390 | Slime:5  | Noticed an acid blob
 39398 | Slime:5  | Killed an acid blob
 39479 | Slime:5  | Noticed an acid blob
 39483 | Slime:5  | Killed an acid blob
 39711 | Slime:5  | Killed an acid blob
 39721 | Slime:5  | Gained mutation: Your health recovers twice as slowly from
                  | being drained. [a shining eye]
 39756 | Slime:5  | Killed an acid blob
 39873 | Slime:5  | Reached skill level 17 in Necromancy
 40115 | Slime:5  | Noticed an acid blob
 40337 | Slime:5  | Found a viscous altar of Jiyva.
 40344 | Slime:5  | Fell from the grace of Kikubaaqudgha
 40344 | Slime:5  | Became a worshipper of Jiyva Johaax the Shapeless
 41190 | Spider:1 | Entered Level 1 of the Spider Nest
 41191 | Spider:1 | Lost mutation: Your health recovers twice as slowly from
                  | being drained. [potion of mutation]
 41191 | Spider:1 | Gained mutation: You are clumsy. (Dex -2) [potion of
                  | mutation]
 41269 | Spider:1 | Learned a level 8 spell: Infestation
 41555 | Spider:1 | Reached * piety under Jiyva
 41703 | Spider:1 | Identified the +4 chain mail of the Loofah {rC- rCorr
                  | Stlth+}
 42167 | Spider:1 | Reached ** piety under Jiyva
 43144 | Spider:2 | Noticed Frances
 43147 | Spider:2 | Killed Frances
 43563 | Spider:2 | Reached *** piety under Jiyva
 43748 | Spider:2 | Lost mutation: You are clumsy. (Dex -2) [Jiyva's grace]
 43748 | Spider:2 | Gained mutation: You have a pair of small horns on your
                  | head. [Jiyva's grace]
 43748 | Spider:2 | Gained mutation: You have a pair of horns on your head.
                  | [Jiyva's grace]
 43748 | Spider:2 | Gained mutation: You have a pair of large horns on your
                  | head. [Jiyva's grace]
 43748 | Spider:2 | Gained mutation: You are partially covered in iridescent
                  | scales. (AC +2) [Jiyva's grace]
 43955 | Spider:2 | Reached XP level 18. HP: 53/55 MP: 12/36
 44195 | Spider:2 | Lost strength.
 44300 | Spider:3 | Reached skill level 15 in Summonings
 44419 | Spider:3 | Reached skill level 18 in Necromancy
 44526 | Spider:3 | Reached **** piety under Jiyva
 44783 | Spider:4 | Entered Level 4 of the Spider Nest
 45036 | Spider:4 | Engulfed by a cloud of flame
 45036 | Spider:4 | Lost a life (0 lives remaining)
 45119 | Spider:4 | Identified the amulet of Dawn {Regen+ Int+2}
 45439 | Spider:4 | Reached skill level 19 in Necromancy
 45507 | Spider:4 | Killed from afar by a jorogumo

Illustrated notes

Levels and vault maps discovered:
D:1:      dpeg_arrival_shrine, layout_basic, serial_corexii_hall,
          corexii_hall_statues_i, chequers_hall_statues_corner_a,
          minmay_misc_feat_pillars, minmay_misc_feat_secret_circle
D:2:      layout_rooms
D:3:      layout_rooms, serial_shops, shop, minmay_misc_feat_square
D:4:      layout_rooms, grunt_temple_overflow_open, mainiacjoe_overflow_swirl,
          kennysheep_generic_room_6
D:5:      layout_cave_pods, minmay_temple_entry_wispy, serial_park_tiny_pond,
          kennysheep_windowed_goal, uniq_prince_ribbit1
D:6:      layout_cave_pools, serial_shops, nicolae_diamond_shop
D:7:      layout_basic, serial_bayou_ford_a, grunt_tough_drop
D:8:      layout_basic
D:9:      layout_long_grid, riverfiend_overflow_shadow_ancestor,
          grunt_ministairs_4, minivault_16, uniq_pikel, uniq_maurice,
          uniq_amaemon, uniq_jeremiah
D:10:     layout_rooms, erik_lair_island,
          kennysheep_orc_monster_closet_entryway, minmay_liquid_box
D:11:     layout_small_grid, hangedman_decor_peaks_small
D:12:     kennysheep_green_arena, layout_small_grid,
          dreamdust_mushroom_princess, hangedman_abyss_or_decor_stabs,
          st_stairs_11
D:13:     layout_roguey, trove_entry_hex_spiral, gauntlet_entry_generic,
          tso_oasis_becter, uniq_snorg
D:14:     layout_loops_ring, hellmonk_vaults_order_and_chaos,
          dreamdust_princess_bridge, hangedman_abyss_or_decor_stagger,
          uniq_louise
D:15:     grunt_enter_depths_magical_seal, layout_stronghold, serial_shops,
          nicolae_shop_trees, serial_column_ruins, column_ruins_open_small,
          column_ruins_columns_straight, column_ruins_grid_3,
          column_ruins_open_tiny, hangedman_decor_points,
          nicolae_vehumet_radiance
Temple:   compressed_dpeg_circular_temple
Lair:1:   layout_roguey, portal_ice_cave_demonic_guard
Lair:2:   layout_loops_ring, serial_bayou_shore_a, grunt_megastairs_2
Lair:3:   layout_small_grid, elwin_shoals_entry_rocks,
          nicolae_spider_entry_non_spiders, kennysheep_rathole, uniq_kirke,
          uniq_gastronok, uniq_nessos
Lair:4:   layout_cave_pods, grunt_megastairs_1, lemuel_fruit_fields
Lair:5:   hangedman_lair_in_review, layout_small_grid,
          nicolae_slime_entry_slimehenge, pdpol_lair_cavern_descent
Spider:1: layout_chambers
Spider:2: layout_spider_delve, hangedman_spider_tarantella_strand, uniq_frances
Spider:3: layout_spider_delve
Spider:4: hellmonk_spider_rune_bug_friends
Slime:1:  layout_caves
Slime:2:  layout_caves, nicolae_slime_barrier
Slime:3:  layout_caves
Slime:4:  cheibrodos_slime_lost_civilization_10, layout_caves,
          nicolae_slime_crime_time
Slime:5:  slime_pit_nicolae_block_by_block
Orc:1:    layout_caves, uniq_erolcha, uniq_erica
Orc:2:    pf_orc_diabolical, layout_diamond_mine,
          nicolae_volcano_entry_two_sided

Skill      XL: |  1  2  3  4  5  6  7  8  9 10 11 12 13 14 15 16 17 18 |
---------------+-------------------------------------------------------+-----
Stealth        | 3 4 5 6 7 9 10 11 12 13 14 15 | 15.0
Dodging        | 3 4 5 6 8 9 10 11 12 13 14 | 14.0
Spellcasting   | 3 4 5 6 7 8 9 11 12 13 14 | 14.0
Fire Magic     | 1 2 3 5 |  5.0
Fighting       | 1 2 3 5 6 7 8 9 10 | 10.4
Summonings     | 5 6 7 8 9 10 11 12 13 14 15 | 15.0
Air Magic      | 3 4 5 6 7 |  7.0
Translocations | 2 3 |  3.0
Necromancy     | 4 7 9 10 13 15 17 19 | 19.0

Action                     |  1- 3 |  4- 6 |  7- 9 | 10-12 | 13-15 | 16-18 || total
---------------------------+-------+-------+-------+-------+-------+-------++-------
  Melee: Unarmed           |    22 |    43 |    83 |   145 |   226 |    57 ||   576
         Bite              |     2 |     4 |    16 |    20 |    34 |     9 ||    85
         Punch             |       |       |     3 |     4 |     3 |     1 ||    11
         Headbutt          |       |       |       |       |       |     2 ||     2
   Cast: Summon Small Mamm |    20 |    44 |    37 |    23 |    29 |     4 ||   157
         Call Imp          |    11 |    16 |    19 |    19 |    19 |     4 ||    88
         Call Canine Famil |     2 |    17 |    18 |    20 |    24 |    11 ||    92
         Summon Blazeheart |       |     5 |    16 |    73 |   171 |    48 ||   313
         Summon Lightning  |       |       |       |    19 |    96 |    28 ||   143
         Animate Dead      |       |       |       |    13 |    64 |    27 ||   104
         Death Channel     |       |       |       |     2 |    77 |    44 ||   123
         Blink             |       |       |       |       |     7 |     3 ||    10
         Haunt             |       |       |       |       |     6 |    65 ||    71
         Infestation       |       |       |       |       |       |    38 ||    38
 Invoke: Unearth Wretches  |       |       |       |       |    11 |    26 ||    37
         Receive Forbidden |       |       |       |       |     1 |       ||     1
  Evoke: Wand              |       |       |     1 |    17 |    22 |     2 ||    42
    Use: Scroll            |       |     2 |     9 |    10 |    21 |     5 ||    47
         Potion            |       |       |     3 |       |     5 |     3 ||    11
   Stab: Sleeping          |     1 |     1 |       |     3 |     1 |       ||     6
         Distracted        |       |       |       |     7 |     8 |     3 ||    18
         Invisible         |       |       |       |     3 |       |       ||     3
         Paralysed         |       |       |       |       |     8 |    31 ||    39
 Armour: Skin              |    10 |    24 |    66 |   122 |   185 |    72 ||   479
  Dodge: Dodged            |    25 |    67 |   158 |   309 |   721 |   266 ||  1546
  Block: Other             |       |       |       |    33 |   137 |    35 ||   205
         Reflection        |       |       |       |     1 |    11 |       ||    12
